EL
SPRINGFIELD CARDINALS @ BILOXI SHUCKERS
08/13/2047
 
TOP OF THE 1ST
Springfield Cardinals batting - Pitching for Biloxi Shuckers : RHP Alberto Pickett
Pitching: RHP Alberto Pickett
Batting: RHB Fortunato Fteira 0-0: Called Strike
0-1: Fly out, F9 (Flyball, 9, EV 88.1 MPH)
Batting: RHB John Parra 0-0: Ball
1-0: Ball
2-0: Ball
3-0: Base on Balls
Batting: RHB Mark Marks 0-0: Ball
1-0: Called Strike
John Parra is caught stealing 2nd base 2-4
1-1: Ball
2-1: Ball
3-1: Called Strike
3-2: Ground out 5-3 (Groundball, 5S, EV 83.8 MPH)
Top of the 1st over - 0 runs, 0 hits, 0 errors, 0 left on base; Springfield 0 - Biloxi 0
BOTTOM OF THE 1ST
Biloxi Shuckers batting - Pitching for Springfield Cardinals : RHP Bill Tulk
Pitching: RHP Bill Tulk
Batting: RHB Hector Silva 0-0: Ball
1-0: Foul Ball, location: 2F
1-1: Foul Ball, location: 2F
1-2: Foul Ball, location: 2F
1-2: Ground out 4-3 (Groundball, 4, EV 91.2 MPH)
Batting: RHB Herb McIntyre 0-0: Called Strike
0-1: Foul Ball, location: 2F
0-2: Ball
1-2: Ball
2-2: Ball
3-2: SOLO HOME RUN (Flyball, 7D, EV 98.1 MPH), Distance : 402 ft
Batting: LHB Adam Hill 0-0: Called Strike
0-1: Ball
1-1: Ground out 6-3 (Groundball, 6M, EV 101.9 MPH)
Batting: RHB Josh Nelson 0-0: Foul Ball, location: 2F
0-1: Ball
1-1: Swinging Strike
1-2: Strikes out swinging
Bottom of the 1st over - 1 run, 1 hit, 0 errors, 0 left on base; Springfield 0 - Biloxi 1
TOP OF THE 2ND
Springfield Cardinals batting - Pitching for Biloxi Shuckers : RHP Alberto Pickett
Batting: RHB Joe Alley 0-0: Called Strike
0-1: Swinging Strike
0-2: Strikes out swinging
Batting: RHB Tyler Walker 0-0: Called Strike
0-1: Foul Ball, location: 2F
0-2: Strikes out swinging
Batting: RHB Josh Martin 0-0: Ball
1-0: Ball
2-0: Ball
3-0: Base on Balls
Batting: RHB Immel Kamuzu 0-0: Ball
1-0: Called Strike
Josh Martin steals 2nd, throwing error, E2
Josh Martin to third
1-1: Swinging Strike
1-2: Fly out, F7 (Flyball, 7, EV 98.1 MPH)
Top of the 2nd over - 0 runs, 0 hits, 1 error, 1 left on base; Springfield 0 - Biloxi 1
BOTTOM OF THE 2ND
Biloxi Shuckers batting - Pitching for Springfield Cardinals : RHP Bill Tulk
Batting: RHB Ben Taylor 0-0: Called Strike
0-1: Ball
1-1: Ball
2-1: Ball
3-1: Foul Ball, location: 2F
3-2: Strikes out looking
Batting: RHB Steve Byerly 0-0: Called Strike
0-1: Ground out 4-3 (Groundball, 4M, EV 104.4 MPH)
Batting: RHB Brian Landrum 0-0: Foul Ball, location: 2F
0-1: Ball
1-1: Called Strike
1-2: Ball
2-2: Foul Ball, location: 2F
2-2: Ball
3-2: Foul Ball, location: 2F
3-2: SINGLE (Groundball, 4MD, EV 94.4 MPH)
Batting: RHB Cameron Rattenbury 0-0: Foul Ball, location: 2F
0-1: SINGLE (Groundball, 34D, EV 107.5 MPH)
Brian Landrum to second
Runner from 2nd tries for 3rd, OUT! 9-5
Bottom of the 2nd over - 0 runs, 2 hits, 0 errors, 1 left on base; Springfield 0 - Biloxi 1
TOP OF THE 3RD
Springfield Cardinals batting - Pitching for Biloxi Shuckers : RHP Alberto Pickett
Batting: RHB Tommy Tracy 0-0: Ball
1-0: Ball
2-0: Called Strike
2-1: Ball
3-1: Swinging Strike
3-2: SINGLE (Line Drive, 5D, EV 95.0 MPH)
Batting: RHB Josh Broome 0-0: Swinging Strike
0-1: Ball
1-1: Ball
2-1: Called Strike
2-2: Ball
3-2: Grounds into double play, 6-4-3 (Groundball, 56, EV 89.4 MPH)
Batting: RHB Fortunato Fteira 0-0: Called Strike
0-1: Ball
1-1: Swinging Strike
1-2: SINGLE (Flyball, 7, EV 83.1 MPH)
Batting: RHB John Parra 0-0: Ball
1-0: Foul Ball, location: 2F
1-1: Called Strike
Fortunato Fteira steals 2nd base
1-2: Ball
2-2: Ball
3-2: Foul Ball, location: 2F
3-2: SINGLE (Groundball, 6D, EV 107.5 MPH)
Fortunato Fteira to third
Runner from 3rd tries for Home, throw by LF and OUT! 7-2
Top of the 3rd over - 0 runs, 3 hits, 0 errors, 1 left on base; Springfield 0 - Biloxi 1
BOTTOM OF THE 3RD
Biloxi Shuckers batting - Pitching for Springfield Cardinals : RHP Bill Tulk
Batting: RHB Juan Villanueva 0-0: Called Strike
0-1: Ball
1-1: Foul Ball, location: 2F
1-2: Ground out 5-3 (Groundball, 56S, EV 85.6 MPH)
Batting: RHB Hector Silva 0-0: Ball
1-0: Ball
2-0: Ball
3-0: Called Strike
3-1: Foul Ball, location: 2F
3-2: Foul Ball, location: 2F
3-2: Foul Ball, location: 2F
3-2: Base on Balls
Batting: RHB Herb McIntyre 0-0: Foul Ball, location: 2F
0-1: Called Strike
0-2: Ball
1-2: Fly out, F8 (Flyball, 8RD, EV 110.0 MPH)
Batting: LHB Adam Hill 0-0: Foul Ball, location: 2F
0-1: Ball
1-1: Swinging Strike
1-2: Strikes out swinging
Bottom of the 3rd over - 0 runs, 0 hits, 0 errors, 1 left on base; Springfield 0 - Biloxi 1
TOP OF THE 4TH
Springfield Cardinals batting - Pitching for Biloxi Shuckers : RHP Alberto Pickett
Batting: RHB Mark Marks 0-0: Called Strike
0-1: Reached on error, E3 (Groundball, 34S, EV 87.5 MPH)
Batting: RHB Joe Alley 0-0: Called Strike
Mark Marks is caught stealing 2nd base 2-4
0-1: Called Strike
0-2: Ball
1-2: Ball
2-2: Ball
3-2: Base on Balls
Batting: RHB Tyler Walker 0-0: Foul Ball, location: 2F
0-1: Fly out, F7 (Flyball, 78M, EV 80.0 MPH)
Batting: RHB Josh Martin 0-0: Called Strike
0-1: Fielders Choice at 2nd, 5-4 (Groundball, 56, EV 98.1 MPH)
Top of the 4th over - 0 runs, 0 hits, 1 error, 1 left on base; Springfield 0 - Biloxi 1
BOTTOM OF THE 4TH
Biloxi Shuckers batting - Pitching for Springfield Cardinals : RHP Bill Tulk
Batting: RHB Josh Nelson 0-0: Ball
1-0: SINGLE (Line Drive, 9S, EV 98.8 MPH)
Batting: RHB Ben Taylor 0-0: Called Strike
0-1: Grounds into double play, 5-4-3 (Groundball, 56, EV 85.0 MPH)
Batting: RHB Steve Byerly 0-0: Fly out, F9 (Flyball, 9S, EV 81.9 MPH)
Bottom of the 4th over - 0 runs, 1 hit, 0 errors, 0 left on base; Springfield 0 - Biloxi 1
TOP OF THE 5TH
Springfield Cardinals batting - Pitching for Biloxi Shuckers : RHP Alberto Pickett
Batting: RHB Immel Kamuzu 0-0: Ball
1-0: SOLO HOME RUN (Flyball, 78XD, EV 113.1 MPH), Distance : 420 ft
Batting: RHB Tommy Tracy 0-0: Swinging Strike
0-1: Swinging Strike
0-2: Ball
1-2: Foul Ball, location: 2F
1-2: SINGLE (Flyball, 3D, EV 94.4 MPH)
Pitching: LHP Benito Vargas
Batting: RHB Josh Broome 0-0: Ball
1-0: SINGLE (Line Drive, 8LS, EV 90.0 MPH)
Tommy Tracy to second
Batting: RHB Fortunato Fteira 0-0: Ball
1-0: Ball
2-0: Ball
3-0: Base on Balls
Tommy Tracy to third
Josh Broome to second
Batting: RHB John Parra 0-0: Ball
1-0: Ball
2-0: Swinging Strike
2-1: Ball
3-1: Base on Balls
Tommy Tracy scores
Josh Broome to third
Fortunato Fteira to second
Batting: RHB Mark Marks 0-0: Foul Ball, location: 2F
0-1: Called Strike
0-2: Ball
1-2: Strikes out swinging
Batting: RHB Joe Alley 0-0: Called Strike
0-1: Ball
1-1: Foul Ball, location: 2F
1-2: Ball
2-2: Strikes out swinging
Batting: RHB Tyler Walker 0-0: Foul Ball, location: 2F
0-1: Ball
1-1: Ball
2-1: Fly out, F9 (Flyball, 9, EV 85.0 MPH)
Top of the 5th over - 2 runs, 3 hits, 0 errors, 3 left on base; Springfield 2 - Biloxi 1
BOTTOM OF THE 5TH
Biloxi Shuckers batting - Pitching for Springfield Cardinals : RHP Bill Tulk
Batting: RHB Brian Landrum 0-0: SINGLE (Groundball, 6MD, EV 102.5 MPH)
Batting: RHB Cameron Rattenbury 0-0: Foul Ball, location: 2F
0-1: Called Strike
0-2: Strikes out swinging
Batting: RHB Juan Villanueva 0-0: Ball
1-0: Reached on error, E5 (Groundball, 5, EV 83.1 MPH)
Brian Landrum to third
Batting: RHB Hector Silva 0-0: Ball
1-0: Ball
2-0: Ball
3-0: Called Strike
3-1: Foul Ball, location: 2F
3-2: SINGLE (Groundball, 34, EV 97.5 MPH)
Brian Landrum scores
Juan Villanueva to third
Batting: RHB Herb McIntyre 0-0: Ball
1-0: Called Strike
Hector Silva steals 2nd base
1-1: Foul Ball, location: 2F
1-2: Ground out 1-3 (Groundball, 13S, EV 67.5 MPH)
Batting: LHB Adam Hill 0-0: Intentional Walk
Batting: RHB Josh Nelson 0-0: Called Strike
0-1: Ball
1-1: Ball
2-1: Swinging Strike
2-2: Ground out 5-3 (Groundball, 56S, EV 91.9 MPH)
Bottom of the 5th over - 1 run, 2 hits, 1 error, 3 left on base; Springfield 2 - Biloxi 2
TOP OF THE 6TH
Springfield Cardinals batting - Pitching for Biloxi Shuckers : LHP Benito Vargas
Batting: RHB Josh Martin 0-0: Ball
1-0: Ball
2-0: Called Strike
2-1: Ball
3-1: Foul Ball, location: 2F
3-2: Ground out 5-3 (Groundball, 56, EV 78.8 MPH)
Batting: RHB Immel Kamuzu 0-0: Ball
1-0: Called Strike
1-1: Swinging Strike
1-2: Ball
2-2: Strikes out swinging
Batting: RHB Tommy Tracy 0-0: Called Strike
0-1: Called Strike
0-2: Ground out 6-3 (Groundball, 6, EV 80.6 MPH)
Top of the 6th over - 0 runs, 0 hits, 0 errors, 0 left on base; Springfield 2 - Biloxi 2
BOTTOM OF THE 6TH
Biloxi Shuckers batting - Pitching for Springfield Cardinals : RHP Bill Tulk
Batting: RHB Ben Taylor 0-0: Called Strike
0-1: Foul Ball, location: 2F
0-2: Ball
1-2: Ball
2-2: Ball
3-2: Strikes out looking
Batting: RHB Steve Byerly 0-0: Called Strike
0-1: Ball
1-1: Ball
2-1: Ground out 5-3 (Groundball, 56, EV 106.9 MPH)
Batting: RHB Brian Landrum 0-0: Fly out, F8 (Flyball, 8LM, EV 91.9 MPH)
Bottom of the 6th over - 0 runs, 0 hits, 0 errors, 0 left on base; Springfield 2 - Biloxi 2
TOP OF THE 7TH
Springfield Cardinals batting - Pitching for Biloxi Shuckers : LHP Benito Vargas
Pitching: RHP Chris Ishii
Batting: RHB Josh Broome 0-0: Ball
1-0: Called Strike
1-1: Foul Ball, location: 2F
1-2: Foul Ball, location: 2F
1-2: Strikes out swinging
Batting: RHB Fortunato Fteira 0-0: Ground out 6-3 (Groundball, 6, EV 101.9 MPH)
Batting: RHB John Parra 0-0: Swinging Strike
0-1: Ball
1-1: Ground out 6-3 (Groundball, 6D, EV 106.2 MPH)
Top of the 7th over - 0 runs, 0 hits, 0 errors, 0 left on base; Springfield 2 - Biloxi 2
BOTTOM OF THE 7TH
Biloxi Shuckers batting - Pitching for Springfield Cardinals : RHP Bill Tulk
Batting: RHB Cameron Rattenbury 0-0: Fly out, F7 (Flyball, 7, EV 88.1 MPH)
Batting: RHB Juan Villanueva 0-0: Ball
1-0: Called Strike
1-1: Ball
2-1: TRIPLE (Line Drive, 78XD, EV 106.9 MPH)
Batting: RHB Hector Silva 0-0: Ball
1-0: Ball
2-0: Called Strike
2-1: Called Strike
2-2: Strikes out swinging
Batting: RHB Herb McIntyre 0-0: Foul Ball, location: 2F
0-1: Ball
1-1: Foul Ball, location: 2F
1-2: Ball
2-2: Foul Ball, location: 2F
2-2: Ball
3-2: Foul Ball, location: 2F
3-2: Base on Balls
Batting: LHB Adam Hill 0-0: Ball
1-0: Ball
2-0: Called Strike
2-1: SINGLE (Line Drive, 78S, EV 95.6 MPH)
Juan Villanueva scores
Herb McIntyre to second
Batting: RHB Josh Nelson 0-0: Ball
1-0: Fly out, F8 (Flyball, 89D, EV 105.0 MPH)
Bottom of the 7th over - 1 run, 2 hits, 0 errors, 2 left on base; Springfield 2 - Biloxi 3
TOP OF THE 8TH
Springfield Cardinals batting - Pitching for Biloxi Shuckers : RHP Chris Ishii
Now in LF: Paul Collins
Batting: RHB Mark Marks 0-0: Foul Ball, location: 2F
0-1: Ball
1-1: Foul Ball, location: 2F
1-2: Ball
2-2: SINGLE (Groundball, 34D, EV 100.0 MPH)
Batting: RHB Joe Alley 0-0: DOUBLE (Line Drive, 78XD, EV 112.5 MPH)
Mark Marks to third
Batting: RHB Tyler Walker 0-0: Ball
1-0: Foul Ball, location: 2F
1-1: Foul Ball, location: 2F
1-2: Strikes out looking
Batting: RHB Josh Martin 0-0: Called Strike
0-1: Ball
1-1: Ball
2-1: SINGLE (Groundball, 56, EV 100.6 MPH)
Mark Marks scores
Joe Alley to third
Batting: RHB Immel Kamuzu 0-0: Ball
1-0: Called Strike
1-1: Foul Ball, location: 2F
1-2: Ground out 5-3 (Groundball, 56S, EV 67.5 MPH)
Josh Martin to second
Batting: RHB Tommy Tracy 0-0: Intentional Walk
Pinch Hitting: LHB Adam Eisen 0-0: Ball
1-0: Called Strike
1-1: Ball
2-1: Fly out, F8 (Flyball, 8LS, EV 95.6 MPH)
Top of the 8th over - 1 run, 3 hits, 0 errors, 3 left on base; Springfield 3 - Biloxi 3
BOTTOM OF THE 8TH
Biloxi Shuckers batting - Pitching for Springfield Cardinals : RHP Bill Tulk
Now in CF: Adam Eisen
Batting: RHB Ben Taylor 0-0: Foul Ball, location: 2F
0-1: Called Strike
0-2: Foul Ball, location: 2F
0-2: Foul Ball, location: 2F
0-2: Ball
1-2: Ball
2-2: Ball
3-2: Fly out, F9 (Line Drive, 89M, EV 93.8 MPH)
Pitching: LHP Nick Suggett
Batting: RHB Steve Byerly 0-0: Called Strike
0-1: Ball
1-1: Ball
2-1: Fly out, F9 (Flyball, 9LD, EV 103.1 MPH)
Batting: RHB Brian Landrum 0-0: Foul Ball, location: 2F
0-1: Swinging Strike
0-2: Foul Ball, location: 2F
0-2: Ball
1-2: Ball
2-2: Foul Ball, location: 2F
2-2: Strikes out swinging
Bottom of the 8th over - 0 runs, 0 hits, 0 errors, 0 left on base; Springfield 3 - Biloxi 3
TOP OF THE 9TH
Springfield Cardinals batting - Pitching for Biloxi Shuckers : RHP Chris Ishii
Pitching: RHP Ernie Schmutz
Batting: RHB Fortunato Fteira 0-0: Ground out 5-3 (Groundball, 56D, EV 95.0 MPH)
Batting: RHB John Parra 0-0: Foul Ball, location: 2F
0-1: Ball
1-1: Swinging Strike
1-2: SINGLE (Flyball, 3D, EV 90.6 MPH)
Batting: RHB Mark Marks 0-0: Called Strike
John Parra steals 2nd base
0-1: Ball
1-1: Ball
2-1: Ball
3-1: Fly out, F7 (Flyball, 7D, EV 106.2 MPH)
Runner from 2nd tags up, SAFE at 3rd, no throw by LF
Batting: RHB Joe Alley 0-0: Foul Ball, location: 2F
0-1: Swinging Strike
0-2: Foul Ball, location: 2F
0-2: Ball
1-2: Foul Ball, location: 2F
1-2: SINGLE (Groundball, 56D, EV 101.9 MPH)
John Parra scores
Batting: RHB Tyler Walker 0-0: Called Strike
0-1: Ball
1-1: Ball
Wild Pitch!
Joe Alley to second
2-1: Foul Ball, location: 2F
2-2: Ground out 4-3 (Groundball, 4, EV 98.1 MPH)
Top of the 9th over - 1 run, 2 hits, 0 errors, 1 left on base; Springfield 4 - Biloxi 3
BOTTOM OF THE 9TH
Biloxi Shuckers batting - Pitching for Springfield Cardinals : LHP Nick Suggett
Pitching: RHP Pabiyan Vetlitsky
Now at 1B: John Parra
Now at 2B: Justin Reich
Pinch Hitting: SHB Sam Bingham 0-0: Called Strike
0-1: Swinging Strike
0-2: Strikes out looking
Batting: RHB Juan Villanueva 0-0: Ball
1-0: Called Strike
1-1: Ground out 6-3 (Groundball, 56, EV 108.1 MPH)
Batting: RHB Hector Silva 0-0: Ball
1-0: Ground out 1-3 (Groundball, P, EV 72.5 MPH)
Bottom of the 9th over - 0 runs, 0 hits, 0 errors, 0 left on base; Springfield 4 - Biloxi 3
Thursday, December 15th , 2022 - OOTP Baseball 23.9 Build 102